 Dungeon Crawl Stone Soup version 0.24.0-37-gcf1ca852f1 (webtiles) character file.

Game seed: 17240934397187340556, levelgen mode: deterministic

112 Iamsoldier the Skirmisher (level 4, -7/35 HPs)
             Began as a Demonspawn Fighter on Nov 27, 2019.
             Mangled by a worm (10 damage)
             ... on level 3 of the Dungeon.
             The game lasted 00:04:37 (2688 turns).

Iamsoldier the Skirmisher (Demonspawn Fighter)      Turns: 2688, Time: 00:04:37

Health: -7/35      AC:  7    Str: 17    XL:     4   Next: 64%
Magic:  4/4        EV:  7    Int: 12    God:
Gold:   112        SH:  9    Dex: 12    Spells: 3/3 levels left

rFire    . . .     SeeInvis +   a - +0 flail
rCold    . . .     Gourm    .   c - +0 shield
rNeg     . . .     Faith    .   b - +0 scale mail
rPois    .         Spirit   .   (no helmet)
rElec    .         Reflect  .   (no cloak)
rCorr    .         Harm     .   k - +0 pair of gloves (curse)
MR       .....                  (no boots)
Stlth    ..........             (no amulet)
HPRegen  0.11/turn              s - +2 ring of intelligence
MPRegen  0.09/turn              t - ring of see invisible

@: no status effects
A: talons 1, rot immunity
a: no special abilities


You were on level 3 of the Dungeon.
You were not hungry.

You visited 1 branch of the dungeon, and saw 3 of its levels.

You collected 112 gold pieces.

Inventory:

Hand Weapons
 a - a +0 flail (weapon)
Missiles
 u - 2 poisoned darts (quivered)
Armour
 b - a +0 scale mail (worn)
 c - a +0 shield (worn)
 k - a cursed +0 pair of gloves (worn)
 n - a +0 plate armour
Jewellery
 p - an uncursed ring of positive energy
 s - a +2 ring of intelligence (left hand)
 t - a ring of see invisible (right hand)
Scrolls
 g - 2 scrolls of enchant weapon {unknown}
 h - 2 scrolls of enchant armour {unknown}
 j - 2 scrolls of identify {unknown}
 l - 3 scrolls of remove curse {unknown}
 m - a scroll of amnesia {unknown}
 r - 2 scrolls of blinking {unknown}
 v - a scroll of random uselessness {unknown}
Potions
 d - a potion of might
 e - a potion of haste {unknown}
 i - a potion of degeneration {unknown}
 q - a potion of curing {unknown}
Comestibles
 f - 4 rations
 o - a chunk of flesh


   Skills:
 + Level 3.5 Fighting
 * Level 3.0 Maces & Flails
 + Level 3.1 Armour
 + Level 1.3 Dodging
 + Level 3.2 Shields


You had 3 spell levels left.
You didn't know any spells.
Your spell library was empty.

Dungeon Overview and Level Annotations

Branches:
Dungeon (3/15)

Altars:
Trog


Innate Abilities, Weirdness & Mutations

You have sharp toenails.
You are immune to rotting.


Message History

The rat bites you but does no damage. The rat closely misses you.
You block the worm's attack.
You sock the worm! Your kick misses the worm.
The worm is heavily wounded.
The rat bites you but does no damage. The rat barely misses you.
You block the worm's attack.
You hit the worm. You claw the worm, but do no damage.
The worm is severely wounded.
You block the rat's attack. x2; The worm bites you!
You hit the worm but do no damage.
The worm is severely wounded.
The rat bites you but does no damage. The worm bites you. The rat bites you.
You are too injured to fight recklessly!
You are too injured to fight recklessly!
You barely miss the worm.
The worm is heavily wounded.
The rat bites you. The worm bites you!
* * * LOW HITPOINT WARNING * * *
The rat barely misses you. The worm bites you!
You die...

####.#.#.#♣♣.♣♣####
####......#.# ♣.♣ #
#<........### #.####
#
...#.##.#######..#.#
####.####.....#)#
##.......####.##.###
##.........# #.÷(.[..
#...........####÷(...
#..w@###....# #.....
#..r##y##...# #..(..
#....###....# #...(.
##.........## ##.###
#)..._....# ## #.#
##....)).## ...#.#
###.).### ..#.###
#### ...... #....


You could see a moth of wrath, a worm (berserk) and a rat (berserk).

Vanquished Creatures
  6 adders
  A worm (D:2)
  A dart slug (D:1)
  A leopard gecko (D:1)
  3 giant cockroaches
  9 hobgoblins
  3 jackals (D:3)
  A quokka (D:3)
  4 bats
  3 frilled lizards
  6 goblins
  11 kobolds
  6 rats
55 creatures vanquished.

Notes
Turn   | Place    | Note
-------+----------+-------------------------------------------
     0 | D:1      | Iamsoldier the Demonspawn Fighter began the quest for the
                  | Orb.
     0 | D:1      | Reached XP level 1. HP: 18/18 MP: 1/1
   422 | D:1      | Gained mutation: You have sharp toenails. [demonic
                  | ancestry]
   422 | D:1      | Reached XP level 2. HP: 24/24 MP: 2/2
   967 | D:2      | Reached XP level 3. HP: 16/29 MP: 3/3
  1527 | D:2      | Reached skill level 1 in Dodging
  1616 | D:2      | Gained mutation: You are immune to rotting. [demonic
                  | ancestry]
  1616 | D:2      | Reached XP level 4. HP: 22/35 MP: 4/4
  2673 | D:3      | Noticed a moth of wrath
  2676 | D:3      | Found a bloodstained altar of Trog.
  2688 | D:3      | Mangled by a worm

Levels and vault maps discovered:
D:1:      kilobyte_arrival_exit_the_forest, layout_rooms
D:2:      layout_rooms
D:3:      layout_basic, tgw_trog, first_ration, kennysheep_minor_cross,
          minmay_tree_intersection, roderic_serpentine_path, elyvilon_altar_5

Skill      XL: |  1  2  3  4 |
---------------+-------------+-----
Maces & Flails | 2 3 |  3.0
Shields        | 3 |  3.2
Armour         | 3 |  3.1
Dodging        | 1 |  1.3
Fighting       | |  3.5

Action                   |  1- 3 |  4- 6 || total
-------------------------+-------+-------++-------
Melee: Flail             |   113 |    68 ||   181
       Kick              |    22 |    17 ||    39
  Eat: Chunk             |     2 |     4 ||     6
Armor: Scale mail        |    52 |    34 ||    86
Dodge: Dodged            |    34 |    25 ||    59
Block: Shield            |    56 |    49 ||   105
